 Dungeon Crawl Stone Soup version 0.16.2-12-gd0ad4c3 (webtiles) character file.

695356 faibistes the Archmage (level 27, -16/163 HPs)
             Began as a Deep Elf Wizard on Jan 9, 2019.
             Was the Champion of Sif Muna.
             Killed from afar by a Hell Sentinel (32 damage)
             ... with a blast of hellfire
             ... summoned by an ancient lich
             ... on level 5 of the Realm of Zot on Jan 10, 2019.
             The game lasted 07:46:06 (134522 turns).

faibistes the Archmage (Deep Elf Wizard)          Turns: 134522, Time: 07:46:06

Health: -16/163    AC: 15    Str:  1 (2)  XL:     27
Magic:  30/61      EV: 16    Int: 40      God:    Sif Muna [******]
Gold:   2719       SH:  0    Dex: 10      Spells: 11 memorised, 1 level left

rFire  + . .     SeeInvis +     w - +8 hand axe "Zycanyc" {chop, rPois rN+ MP+9 Str-2}
rCold  + . .     Clarity  .     b - +2 robe {Archmagi}
rNeg   + + .     SustAb   .     (no shield)
rPois  +         Gourm    .     T - +2 helmet {Int+3}
rElec  +         Spirit   .     Z - +2 cloak {MR+}
rCorr  +         Warding  .     F - +1 pair of gloves of the Onion {rElec rN+ Dex-3 SInv Stlth+}
rMut   .         Stasis   .     S - +2 pair of boots
MR     +++..                    j - amulet "Psyecrau" {rCorr rF+ rC+}
Stlth  +++.......               I - ring of magical power
                                L - ring of wizardry

@: deflect missiles, extremely resistant to hostile enchantments, fairly
stealthy
A: see invisible, high mp 1, MP-powered wands 1
a: Channel Energy, Forget Spell, Renounce Religion
}: 4/15 runes: serpentine, barnacled, slimy, silver


You were on level 5 of the Realm of Zot.
You worshipped Sif Muna.
Sif Muna was exalted by your worship.
You were not hungry.

You visited 11 branches of the dungeon, and saw 62 of its levels.
You also visited: Bailey.

You collected 8283 gold pieces.
You spent 5564 gold pieces at shops.

Inventory:

Hand weapons
 w - the +8 hand axe "Zycanyc" (weapon) {chop, rPois rN+ MP+9 Str-2}
   (You found it on level 5 of the Shoals)

   It inflicts extra damage upon your enemies.
   It affects your strength (-2).
   It protects you from poison.
   It protects you from negative energy.
   It affects your magic capacity (+9).
Armour
 b - a +2 robe of the Archmagi (worn)
 F - the +1 pair of gloves of the Onion (worn) {rElec rN+ Dex-3 SInv Stlth+}
   (You bought it in a shop on level 2 of the Vaults)

   It affects your dexterity (-3).
   It insulates you from electricity.
   It protects you from negative energy.
   It enhances your eyesight.
   It makes you more stealthy.
 J - a +2 robe of resistance
 S - a +2 pair of boots (worn)
 T - a +2 helmet of intelligence (worn)
 Z - a +2 cloak of magic resistance (worn)
Jewellery
 i - an uncursed amulet of resist mutation
 j - the amulet "Psyecrau" (around neck) {rCorr rF+ rC+}
   (You bought it in a shop on level 3 of the Shoals)

   [amulet of resist corrosion]

   It protects you from acid and corrosion.
   It protects you from fire.
   It protects you from cold.
 q - an uncursed ring of protection from magic
 y - an uncursed amulet of the gourmand
 I - a ring of magical power (right hand)
 L - a ring of wizardry (left hand)
Magical devices
 a - a wand of teleportation (5)
 c - a wand of teleportation (3)
 g - a wand of fire (7)
 h - a wand of fireball (2)
 m - a wand of fireball (4)
 p - a wand of fire (8)
 A - a wand of fire (10)
 B - a wand of cold (2)
 K - a wand of cold (10)
 Q - a wand of invisibility (4)
 U - a wand of paralysis (14)
Scrolls
 f - 14 scrolls of recharging
 o - 7 scrolls of magic mapping
 r - a scroll of enchant armour
 s - 25 scrolls of identify
 t - 24 scrolls of remove curse
 v - 4 scrolls of fear
 z - 12 scrolls of teleportation
 N - 5 scrolls of holy word
 O - 3 scrolls of blinking
 R - 2 scrolls of summoning
 V - a scroll of immolation
 X - 7 scrolls of fog
Potions
 e - 4 potions of cure mutation
 k - 5 potions of haste
 l - 3 potions of cancellation
 n - 13 potions of brilliance
 u - 5 potions of magic
 x - 7 potions of flight
 C - 8 potions of heal wounds
 D - 7 potions of restore abilities
 G - 4 potions of resistance
 H - 2 potions of invisibility
 M - 20 potions of curing
 W - 7 potions of ambrosia
Books
 Y - Sif Muna's Collected Works on Frigorific Confrontation
   (Sif Muna gifted it to you on level 4 of the Realm of Zot)

   Spells                             Type                      Level
   a - Flame Tongue                   Conjuration/Fire             1
   b - Force Lance                    Conjuration/Translocation    4
   c - Freezing Cloud                 Conjuration/Ice/Air          6
   d - Glaciate                       Conjuration/Ice              9
Comestibles
 d - 18 bread rations
 P - 30 meat rations


   Skills:
 + Level 14.2 Fighting
 - Level 10.1 Dodging
 - Level 2.4 Stealth
 O Level 27 Spellcasting
 + Level 21.7 Conjurations
 - Level 12.0 Charms
   Level 1.1 Summonings
 + Level 14.2 Necromancy
 - Level 11.8 Translocations
 + Level 10.7 Transmutations
 + Level 21.8 Fire Magic
 * Level 12.6 Ice Magic
 - Level 3.8 Air Magic
 + Level 21.6 Earth Magic
   Level 2.6 Poison Magic
 - Level 10.3 Invocations
 - Level 9.0 Evocations


You had one spell level left.
You knew the following spells:

 Your Spells              Type           Power        Failure   Level  Hunger
a - Lehudib's Crystal Sp  Conj/Erth      ########..   1%          8    None
b - Ring of Flames        Chrm/Fire      ########..   1%          7    None
c - Glaciate              Conj/Ice       ########..   10%         9    None
d - Controlled Blink      Tloc           N/A          1%          7    None
f - Deflect Missiles      Chrm/Air       ########..   1%          6    None
h - Haste                 Chrm           ########     1%          6    None
i - Necromutation         Trmt/Necr      ########..   6%          8    None
l - Shatter               Erth           ########..   2%          9    None
v - Bolt of Fire          Conj/Fire      ########..   0%          6    None
x - Force Lance           Conj/Tloc      ########     0%          4    None
z - Fire Storm            Conj/Fire      ########..   2%          9    None


Dungeon Overview and Level Annotations

Branches:
Dungeon (15/15)            Temple (1/1) D:6            Lair (8/8) D:9
 Shoals (5/5) Lair:5        Snake (5/5) Lair:5        Slime (6/6) Lair:6
    Orc (4/4) D:11            Elf (3/3) Orc:4        Vaults (5/5) D:14
  Crypt (0/3) Vaults:3     Depths (5/5) D:15            Zot (5/5) Depths:5

Altars:
Ashenzari
Cheibriados
Dithmenos
Elyvilon
Fedhas
Gozag
Kikubaaqudgha
Makhleb
Nemelex Xobeh
Okawaru
Qazlal
Ru
Sif Muna
Trog
Vehumet
Xom
Yredelemnul
Zin
The Shining One
Beogh

Shops:
D:5 [}   D:8 !   D:10 [   D:12 :   D:15 }   Orc:2 ?   Orc:4 =?}![   Elf:1 :%
Elf:2 (   Shoals:3 =   Vaults:1 (   Vaults:2 [   Depths:2 *?(

Portals:
Hell: Depths:1 Depths:2 Depths:3 Depths:4 Depths:5
Abyss: Depths:4 Depths:5
Pandemonium: Orc:4 Depths:3
Ziggurat: Depths:2


Innate Abilities, Weirdness & Mutations

You have supernaturally acute eyesight.
You have an increased reservoir of magic (+10% MP).
You expend magic power (3 MP) to slightly strengthen your wands.


Message History

* * * LOW HITPOINT WARNING * * *
You hold your ground!
The Ice Fiend calls on the powers of darkness!
The moth of wrath convulses!
Your body is wracked with pain!
* * * LOW HITPOINT WARNING * * *
The fire dragon convulses!
Read which item? (? for menu, Esc to quit)
A powerful magic prevents control of your teleportation.
Your blink will be uncontrolled - continue anyway?
Uppercase [Y]es or [N]o only, please.
Your blink will be uncontrolled - continue anyway?
You blink.
As you read the scroll of blinking, it crumbles to dust.
The ancient lich casts a spell at you. You resist with significant effort.
Drink which item? (? for menu, Esc to quit)
Magic courses through your body. The Hell Sentinel gestures at you.
The hellfire explodes!
The blast of hellfire engulfs you!
You die...

#...'.............#
####...#........8.?..#
###......#..##.##.###'#####
.........#..##+##[#.......#
.........'......'.'.......#
.........#..##.##[#.......#
.#########..##.##'####'#### .#
#...'.......2...#
.#########..##..@..LD<%####
###.....##..##..[[...1.##.##
#......'...##.##.)##y.##..#
#..##..##..##.##..##)##..##### #
##'##'###..##....[..)#8y.8#..# #
##...#......##'##..##1[.......# #
.....#..##..##.##..##....8...:###
.....#..##..##..'..####8..8##....
.....+.........<#.....##..##'.ยงยง.


You could see a Hell Sentinel, an ancient lich, a fire dragon, a moth of wrath
and a tormentor.

Vanquished Creatures
  the royal jelly (Slime:6)
  5 orbs of fire
  3 ancient liches
  The ghost of faibistes the Sorcerer, a great DEWz of Sif Muna (Depths:5)
  Boris (twice) (Vaults:4 Depths:4)
  A caustic shrike (Depths:3)
  2 Killer Klowns (Zot:4)
  15 golden dragons
  Jory (Depths:2)
  The ghost of faibistes the Sorcerer, a mighty DEWz of Sif Muna (Vaults:3)
  5 liches
  2 electric golems
  An Ice Fiend (Depths:1)
  25 tentacled monstrosities
  Vashnia (Snake:4)
  3 titans (Vaults:5)
  3 deep elf blademasters (Elf:3)
  Asterion (Depths:2)
  22 acid blobs
  3 deep elf master archers (Elf:3)
  A quicksilver dragon (Vaults:5)
  Polyphemus (Shoals:2)
  4 sphinxes (Depths:4)
  3 krakens
  An eldritch tentacle (Zot:4)
  8 shadow dragons
  Rupert (D:14)
  Agnes (Elf:2)
  Kirke (Snake:4)
  14 storm dragons
  6 tengu reavers
  Roxanne (Snake:3)
  4 draconian monks
  Ilsuiw (Shoals:5)
  2 daevas (Depths:2)
  5 azure jellies
  An iron dragon (Vaults:5)
  10 greater nagas
  9 fire giants
  Wiglaf (Snake:2)
  An emperor scorpion (shapeshifter) (Depths:1)
  Aizul (Snake:1)
  Louise (Shoals:2)
  9 draconian knights
  12 deep elf sorcerers
  3 draconian scorchers
  12 frost giants
  An angel (Depths:2)
  8 ghost moths
  6 emperor scorpions
  4 draconian zealots
  A reaper (Depths:5)
  3 draconian annihilators
  17 vault wardens
  Jorgrun (Snake:4)
  24 stone giants
  14 ironheart preservers
  A war gargoyle (Vaults:1)
  7 draconian shifters
  5 very ugly things (Depths:1)
  A spriggan defender (Depths:3)
  4 draconian callers
  5 vampire knights (Depths:2)
  The ghost of pedritolo the Unseen, a mighty SpEn of Dithmenos (Slime:6)
  5 grey draconians
  7 deep elf demonologists (Elf:3)
  13 deep elf annihilators
  6 dire elephants
  4 mottled draconians
  7 white draconians
  7 green draconians
  6 black draconians
  13 pale draconians
  7 red draconians
  6 yellow draconians
  9 purple draconians
  An ettin (shapeshifter) (Depths:3)
  2 jiangshi (Depths:2)
  The ghost of faibistes the Eclecticist, a powerful DEWz of Sif Muna (Lair:8)
  9 deep elf death magi
  7 merfolk javelineers
  16 ettins
  6 merfolk impalers
  A minotaur (Depths:3)
  8 death oozes (Slime:6)
  Josephine (D:12)
  28 fire dragons
  10 deep elf high priests
  37 vault guards
  10 yaktaur captains
  6 rakshasas
  10 great orbs of eyes
  Fannar (Lair:2)
  8 hydras
  A spriggan air mage (Depths:4)
  21 naga warriors
  11 death cobs
  5 merfolk avatars
  Nessos (Elf:2)
  An alligator snapping turtle (Shoals:5)
  25 ice dragons
  Erica (Orc:3)
  14 centaur warriors
  13 anacondas
  5 merfolk aquamancers
  8 deep troll earth magi
  A catoblepas (Shoals:2)
  2 satyrs (Shoals:5)
  21 ogre magi
  15 dancing weapons
  5 deep troll shamans
  A tengu warrior (D:15)
  8 death yaks
  7 spriggan berserkers
  2 vampire magi
  20 naga sharpshooters
  Urug (D:14)
  2 shock serpents (shapeshifter)
  9 orc high priests
  8 shock serpents
  4 spriggans (Depths:3)
  Nergalle (D:14)
  3 sun demons
  3 fire crabs
  23 hell knights
  A death drake (shapeshifter) (Vaults:4)
  7 skeletal warriors
  10 unseen horrors
  27 deep elf knights
  4 ice devils
  9 shadow wraiths
  25 deep trolls
  17 deep elf summoners
  A death drake (Zot:1)
  A gelid demonspawn (Orc:4)
  3 giant orange brains
  2 ice statues (Depths:1)
  2 unseen horrors (shapeshifter) (Vaults:2)
  11 flayed ghosts
  12 necromancers
  25 ironbrand convokers
  2 lindwurms (Lair:8)
  26 sea snakes
  6 naga ritualists
  4 wizards
  4 mana vipers
  9 hill giants
  A putrid demonspawn (Orc:4)
  A wolf spider (shapeshifter) (D:14)
  2 shining eyes
  32 harpies
  23 orc knights
  8 wolf spiders
  2 tengu skeletons
  4 phantasmal warriors
  34 deep elf conjurers
  15 griffons
  3 harpies (shapeshifter)
  A shadow dragon skeleton (Vaults:4)
  A mana viper (shapeshifter) (Elf:2)
  A sphinx skeleton (Vaults:4)
  14 cyclopes
  2 guardian serpents (Snake:4)
  19 manticores
  4 orc sorcerers (Orc:4)
  6 hornets
  9 water nymphs
  9 fauns
  2 stone giant zombies
  15 moths of wrath
  53 ugly things
  A stone giant skeleton (Vaults:2)
  10 sirens
  A fire giant skeleton (Depths:3)
  19 vault sentinels
  32 black mambas
  19 spiny frogs
  4 centaur zombies
  A molten gargoyle (Orc:1)
  2 sixfirhies (Elf:3)
  A smoke demon (Orc:4)
  7 elephants
  2 drowned souls (Shoals:5)
  6 salamanders
  27 naga magi
  A rust devil (Orc:4)
  A queen ant (D:8)
  9 torpor snails
  A gargoyle (D:12)
  51 yaktaurs
  An orange demon (Orc:4)
  An efreet (D:14)
  A yaktaur (shapeshifter) (Depths:1)
  An elf (shapeshifter) (Depths:2)
  4 fire drakes
  12 komodo dragons
  A yaktaur skeleton (Vaults:4)
  11 deep elf priests
  3 tengu simulacra
  6 kobold demonologists
  A blue devil (Elf:3)
  A red devil (Orc:4)
  2 jumping spiders (shapeshifter)
  12 polar bears
  A wind drake (shapeshifter) (Vaults:1)
  41 merfolk
  Sonja (Snake:1)
  A polar bear (shapeshifter) (Vaults:2)
  11 trolls
  Prince Ribbit (D:7)
  3 wind drakes
  89 slime creatures
  3 giant leeches (Lair:8)
  3 raiju (Lair:8)
  12 freezing wraiths
  11 ravens
  10 fire vortices
  29 two-headed ogres
  23 blink frogs
  2 boulder beetles
  A baby alligator (shapeshifter) (Depths:2)
  3 centaur simulacra
  15 shadows
  A stone giant simulacrum (Vaults:3)
  An ettin skeleton (Depths:3)
  13 snapping turtles
  4 redbacks
  2 spriggans (shapeshifter)
  An ice dragon skeleton (Depths:3)
  3 air elementals (Depths:4)
  2 hogs (Snake:4)
  3 wyverns
  28 deep elf magi
  2 neqoxecs (Orc:4)
  17 water elementals
  4 basilisks
  7 wraiths
  36 yaks
  16 hippogriffs
  A ynoxinul (Orc:4)
  A hungry ghost (D:15)
  A vampire (D:14)
  10 wargs
  29 wolves
  24 vampire mosquitoes
  A chaos spawn (Elf:3)
  44 nagas
  14 porcupines
  A human zombie (Depths:3)
  5 soldier ants
  Menkaure (D:3)
  37 deep elf fighters
  A water moccasin (shapeshifter) (Vaults:1)
  5 mottled dragons
  33 water moccasins
  A swamp drake (Depths:5)
  A deep troll skeleton (Vaults:4)
  A black bear (shapeshifter) (D:15)
  3 hell hounds (Lair:8)
  9 wasps
  53 orc warriors
  4 wandering mushrooms (D:8)
  A sky beast (shapeshifter) (Vaults:2)
  An ettin simulacrum (Vaults:2)
  15 black bears
  20 ice beasts
  A boring beetle (shapeshifter) (Vaults:2)
  34 centaurs
  5 eyes of draining
  4 necrophages
  A sky beast (D:11)
  70 ogres
  4 phantoms
  23 boggarts
  An elf skeleton (Vaults:4)
  Sigmund (D:7)
  10 crocodiles
  5 brain worms
  3 big kobolds
  Blork the orc (Orc:3)
  14 giant frogs
  A boulder beetle zombie (Vaults:2)
  A water moccasin skeleton (D:9)
  A scorpion (shapeshifter) (Vaults:1)
  A killer bee (shapeshifter) (Depths:1)
  8 scorpions
  18 killer bees
  2 oklob saplings (D:8)
  19 wights
  3 electric eels
  10 crimson imps
  23 jellies
  3 goliath beetles
  An iron imp (Depths:2)
  A fulminant prism (Lair:2)
  2 human simulacra
  7 centaur skeletons
  A quasit (D:5)
  A giant frog zombie (D:7)
  25 hounds
  A giant frog skeleton (D:11)
  23 orc priests
  13 iguanas
  24 orc wizards
  A spectral orc (D:14)
  30 worker ants
  4 hell rats
  22 sheep
  Jessica (D:2)
  A hound zombie (D:9)
  3 hound skeletons
  A worker ant zombie (D:8)
  30 adders
  11 gnolls
  29 river rats
  6 shadow imps
  A giant mite (D:4)
  A white imp (Depths:1)
  19 worms
  2 orc skeletons (Orc:4)
  2 adder skeletons
  6 giant geckos
  3 oozes
  178 orcs
  2 ball pythons
  A bat skeleton (D:8)
  A bat zombie (D:7)
  3 giant cockroaches
  28 hobgoblins
  38 kobolds
  19 quokkas
  12 bats
  5 giant newts
  A giant spore (D:12)
  24 goblins
  19 jackals
  A jackal skeleton (D:9)
  A quokka skeleton (D:8)
  2 quokka zombies
  13 rats
  7 ballistomycetes (D:13)
  A bush (Lair:8)
  3 crawling corpses (Vaults:3)
  5 fungi
  28 plants
  5 tentacles
  A tentacle segment (Shoals:5)
3184 creatures vanquished.

Vanquished Creatures (collateral kills)
  A sphinx (Depths:4)
  3 acid blobs (Slime:6)
  A shadow dragon (Vaults:5)
  A deep elf sorcerer (Elf:3)
  A green draconian (Zot:1)
  A stone giant (Depths:4)
  A pale draconian (Zot:4)
  2 purple draconians (Zot:4)
  A deep elf annihilator (Elf:3)
  A red draconian (Zot:1)
  A death yak (Depths:2)
  An unseen horror (Depths:5)
  5 slime creatures
  A warg (Orc:2)
  An ogre (Vaults:1)
  A boggart (Depths:4)
  An orc warrior (Orc:2)
  An orc priest (Orc:2)
  7 jellies
  9 worker ants (D:8)
  2 orc wizards (Orc:2)
  37 orcs
  2 hobgoblins (Orc:2)
  A goblin (Orc:1)
83 creatures vanquished.

Vanquished Creatures (others)
  Margery (Depths:4)
  Nikola (Snake:1)
  An eldritch tentacle (Zot:4)
  A fire giant (Depths:5)
  274 fire vortices
  A deep elf mage (Elf:2)
  A wraith (D:12)
  A swamp worm (shapeshifter) (Depths:3)
  2 vampire mosquitoes
  An ogre (Vaults:3)
  2 lost souls (Elf:3)
  A crimson imp (D:4)
  An orc wizard (D:4)
  2 worker ants (D:8)
  27 fulminant prisms
  2 giant spores
  A ballistomycete (D:14)
  A block of ice (Zot:5)
  A bush (Lair:8)
  148 eldritch tentacle segments
  39 fungi
  33 plants
  152 snaplasher vine segments (Orc:2)
  19 tentacles
  650 tentacle segments
1363 creatures vanquished.

Grand Total: 4630 creatures vanquished

Notes
Turn   | Place    | Note
--------------------------------------------------------------
     0 | D:1      | faibistes, the Deep Elf Wizard, began the quest for the Orb.
     0 | D:1      | Reached XP level 1. HP: 10/10 MP: 6/6
   434 | D:2      | Reached XP level 2. HP: 6/15 MP: 2/10
   441 | D:2      | Learned a level 2 spell: Blink
   444 | D:2      | Learned a level 2 spell: Call Imp
   672 | D:2      | Noticed Jessica
  1206 | D:1      | Reached skill level 5 in Spellcasting
  1267 | D:1      | Reached XP level 3. HP: 15/19 MP: 10/14
  1308 | D:1      | Learned a level 3 spell: Conjure Flame
  1312 | D:1      | Learned a level 3 spell: Mephitic Cloud
  1676 | D:2      | Found a blossoming altar of Fedhas.
  1892 | D:2      | Killed Jessica
  2030 | D:2      | Reached XP level 4. HP: 24/24 MP: 15/17
  2042 | D:2      | Learned a level 2 spell: Repel Missiles
  2277 | D:3      | Found an ancient bone altar of Kikubaaqudgha.
  2853 | D:3      | Found a sacrificial altar of Ru.
  3052 | D:3      | Reached skill level 6 in Spellcasting
  3225 | D:3      | Found an opulent altar of Gozag.
  3533 | D:4      | Noticed Menkaure
  3565 | D:3      | Killed Menkaure
  3565 | D:3      | Reached XP level 5. HP: 16/28 MP: 0/21
  3702 | D:5      | Entered Level 5 of the Dungeon
  3717 | D:4      | Reached XP level 6. HP: 32/32 MP: 16/22
  3913 | D:4      | Reached skill level 7 in Spellcasting
  4553 | D:3      | Found a stormy altar of Qazlal.
  4553 | D:3      | Found a shattered altar of Ashenzari.
  4836 | D:4      | Noticed a phantom
  4856 | D:4      | Killed a phantom
  4856 | D:4      | Reached XP level 7. HP: 20/37 MP: 8/25
  5051 | D:5      | Reached skill level 1 in Fighting
  5051 | D:5      | Reached skill level 8 in Spellcasting
  5239 | D:5      | Found Xudwus' Gadget Shop.
  5520 | D:5      | Found a basalt altar of Yredelemnul.
  6153 | D:5      | Found Poonodid's Armour Shop.
  6258 | D:6      | Reached skill level 5 in Dodging
  6455 | D:6      | Learned a level 4 spell: Iskenderun's Mystic Blast
  6459 | D:6      | Learned a level 3 spell: Dazzling Spray
  6560 | D:6      | Noticed an orc warrior
  6666 | D:6      | Killed an orc warrior
  6666 | D:6      | Reached skill level 9 in Spellcasting
  6852 | D:6      | Noticed a centaur
  6869 | D:6      | Killed a centaur
  6869 | D:6      | Reached XP level 8. HP: 45/45 MP: 6/28
  7536 | D:6      | Found a staircase to the Ecumenical Temple.
  7551 | Temple   | Entered the Ecumenical Temple
  7594 | Temple   | Became a worshipper of Sif Muna the Loreminder
  7870 | D:7      | Noticed Prince Ribbit
  7881 | D:7      | Killed Prince Ribbit
  7881 | D:7      | Reached skill level 1 in Fire Magic
  7881 | D:7      | Reached skill level 1 in Air Magic
  8075 | D:7      | Reached skill level 1 in Poison Magic
  8110 | D:7      | Found a glowing silver altar of Zin.
  8130 | D:7      | Found a radiant altar of Vehumet.
  8485 | D:7      | Acquired Sif Muna's first power
  8714 | D:7      | Reached skill level 10 in Spellcasting
  8806 | D:7      | Reached skill level 5 in Conjurations
  9030 | D:7      | Noticed Sigmund
  9054 | D:7      | Killed Sigmund
  9054 | D:7      | Reached XP level 9. HP: 44/49 MP: 4/30
  9213 | D:7      | Found a basalt altar of Yredelemnul.
  9326 | D:8      | Acquired Sif Muna's second power
  9505 | D:7      | Identified a scroll of acquirement
  9506 | D:7      | Identified the Catalogue of Dislocation and Protection (You acquired it on level 7 of the Dungeon)
 10203 | D:8      | Learned a level 5 spell: Iskenderun's Battlesphere
 10206 | D:8      | Learned a level 2 spell: Shroud of Golubria
 10331 | D:8      | Found Aqean's Distillery.
 10340 | D:8      | Bought a potion of heal wounds for 60 gold pieces
 10481 | D:8      | Reached skill level 1 in Evocations
 10507 | D:8      | Reached skill level 1 in Invocations
 10509 | D:8      | Noticed a queen ant
 10510 | D:8      | Reached skill level 1 in Charms
 10942 | D:8      | Reached skill level 11 in Spellcasting
 11132 | D:8      | Killed a queen ant
 11231 | D:8      | Reached XP level 10. HP: 56/56 MP: 17/32
 11780 | D:8      | Noticed a wandering mushroom
 11840 | D:8      | Killed a wandering mushroom
 11879 | D:8      | Noticed a wandering mushroom
 11882 | D:8      | Killed a wandering mushroom
 11933 | D:8      | Found a blossoming altar of Fedhas.
 11933 | D:8      | Noticed a wandering mushroom
 11933 | D:8      | Noticed a wandering mushroom
 11937 | D:8      | Killed a wandering mushroom
 11945 | D:8      | Killed a wandering mushroom
 12335 | D:10     | Entered Level 10 of the Dungeon
 12604 | D:9      | Found an iron altar of Okawaru.
 12717 | D:9      | Reached skill level 5 in Fire Magic
 12963 | D:9      | Found a snail-covered altar of Cheibriados.
 13050 | D:9      | Acquired Sif Muna's third power
 13087 | D:9      | Found a staircase to the Lair.
 13090 | D:9      | Noticed a komodo dragon
 13164 | D:9      | Killed a komodo dragon
 13724 | D:9      | Found a burning altar of Makhleb.
 14013 | D:10     | Reached skill level 12 in Spellcasting
 14063 | D:10     | Noticed a cyclops
 14072 | D:10     | Killed a cyclops
 14215 | D:10     | Reached XP level 11. HP: 46/61 MP: 13/34
 14626 | D:10     | Found Klaonki's Antique Armour Shop.
 14635 | D:10     | Bought a shimmering robe for 119 gold pieces
 14645 | D:10     | Identified the +1 robe of Resilience {+Fly SInv Stlth-} (You bought it in a shop on level 10 of the Dungeon)
 14893 | D:11     | Noticed a hill giant
 14902 | D:11     | Killed a hill giant
 14902 | D:11     | Reached skill level 5 in Invocations
 15172 | D:10     | Got an ichor-stained falchion
 15174 | D:10     | Identified the +4 falchion of Cowardice {flame, rElec rPois MR- Dex-2 Stlth+} (You took it off a kobold on level 10 of the Dungeon)
 15478 | D:10     | Learned a level 4 spell: Fulminant Prism
 17011 | D:11     | Reached skill level 5 in Charms
 17017 | D:11     | Noticed a six-headed hydra
 17061 | D:11     | Killed a six-headed hydra
 17061 | D:11     | Reached skill level 5 in Translocations
 17274 | D:11     | Found a staircase to the Orcish Mines.
 17823 | Lair:1   | Entered Level 1 of the Lair of Beasts
 18322 | Lair:1   | Found a dark tunnel.
 18333 | Lair:1   | Reached skill level 13 in Spellcasting
 18859 | Lair:2   | Reached skill level 5 in Evocations
 18859 | Lair:2   | Reached XP level 12. HP: 67/67 MP: 20/35
 19785 | Lair:2   | Noticed Fannar
 19803 | Lair:2   | Killed Fannar
 19803 | Lair:2   | Received a gift from Sif Muna
 19996 | Lair:2   | Learned a level 4 spell: Airstrike
 20452 | Lair:3   | Noticed a seven-headed hydra
 20462 | Lair:3   | Killed a seven-headed hydra
 20462 | Lair:3   | Reached skill level 5 in Fighting
 22491 | Lair:4   | Noticed a seven-headed hydra
 22496 | Lair:4   | Killed a seven-headed hydra
 22892 | Lair:5   | Reached XP level 13. HP: 72/72 MP: 28/36
 22966 | Lair:5   | Reached skill level 14 in Spellcasting
 24160 | Lair:5   | Found a staircase to the Shoals.
 24617 | Lair:5   | Found a staircase to the Snake Pit.
 25787 | Lair:7   | Received a gift from Sif Muna
 25788 | Lair:7   | Identified Sif Muna's Spellweaving, Part Five (Sif Muna gifted it to you on level 7 of the Lair of Beasts)
 25795 | Lair:7   | Learned a level 5 spell: Fireball
 25913 | Lair:2   | Learned a level 5 spell: Lee's Rapid Deconstruction
 26272 | Lair:6   | Reached skill level 1 in Earth Magic
 26497 | Lair:6   | Found a staircase to the Slime Pits.
 26928 | Lair:8   | Entered Level 8 of the Lair of Beasts
 29019 | Lair:8   | Noticed faibistes' ghost (powerful DEWz)
 29175 | Lair:8   | Killed faibistes' ghost
 29959 | Lair:8   | Reached skill level 10 in Dodging
 30150 | Lair:8   | Reached XP level 14. HP: 71/79 MP: 29/38
 30234 | Lair:8   | Found a basalt altar of Yredelemnul.
 30335 | Lair:8   | Found a runed door.
 31176 | Lair:2   | Learned a level 4 spell: Force Lance
 31467 | Lair:8   | Received a gift from Sif Muna
 31468 | Lair:8   | Identified Sif Muna's Catalogue of Fiery Conjuration (Sif Muna gifted it to you on level 8 of the Lair of Beasts)
 31512 | Lair:8   | Reached skill level 10 in Invocations
 31516 | Lair:8   | Reached skill level 15 in Spellcasting
 32553 | Lair:8   | Reached skill level 5 in Earth Magic
 33403 | Lair:2   | Learned a level 6 spell: Bolt of Fire
 33410 | Lair:2   | Learned a level 5 spell: Iskenderun's Battlesphere
 33417 | Lair:2   | Learned a level 5 spell: Summon Forest
 33554 | Orc:1    | Entered Level 1 of the Orcish Mines
 33622 | Orc:2    | Reached skill level 10 in Conjurations
 33940 | Orc:2    | Found Truomudgh's Magic Scroll Shoppe.
 34245 | Orc:3    | Noticed Blork the orc
 34245 | Orc:3    | Killed Blork the orc
 34254 | Orc:3    | Noticed Erica
 34261 | Orc:3    | Killed Erica
 34434 | Orc:4    | Entered Level 4 of the Orcish Mines
 34661 | Orc:2    | Bought a scroll of enchant armour for 75 gold pieces
 34661 | Orc:2    | Bought a scroll of teleportation for 30 gold pieces
 34661 | Orc:2    | Bought a scroll of acquirement for 520 gold pieces
 35376 | Orc:3    | Found a roughly hewn altar of Beogh.
 36426 | Orc:4    | Found a staircase to the Elven Halls.
 36508 | Orc:4    | Found Qadi Qeu's Jewellery Boutique.
 37131 | Orc:4    | Found Vyafow's Magic Scroll Shop.
 37141 | Orc:4    | Received a gift from Sif Muna
 37237 | Orc:4    | Found Gurunua's Distillery.
 37629 | Orc:4    | Bought a scroll of acquirement for 780 gold pieces
 37629 | Orc:4    | Bought a scroll of teleportation for 45 gold pieces
 37629 | Orc:4    | Bought a scroll of teleportation for 45 gold pieces
 37630 | Orc:4    | Identified the Tome of Displacement (You acquired it on level 4 of the Orcish Mines)
 37633 | Orc:4    | Bought a potion of heal wounds for 75 gold pieces
 37744 | Orc:4    | Reached skill level 10 in Charms
 37745 | Orc:4    | Reached skill level 10 in Fire Magic
 37919 | Orc:4    | Reached XP level 15. HP: 84/84 MP: 29/39
 38262 | Orc:4    | Reached skill level 16 in Spellcasting
 38646 | Orc:4    | Found Nyr Plua's Gadget Shoppe.
 38646 | Orc:4    | Found Sucun's Antique Armour Emporium.
 38646 | Orc:4    | Found a one-way gate leading to the halls of Pandemonium.
 38656 | Orc:4    | Bought a runed helmet for 130 gold pieces
 39066 | Lair:2   | Learned a level 6 spell: Deflect Missiles
 39075 | Lair:2   | Learned a level 6 spell: Deflect Missiles
 39246 | Elf:1    | Entered Level 1 of the Elven Halls
 39284 | Elf:1    | Found Urib Pra's One-of-a-Kind Books.
 39325 | Elf:1    | Bought Zididodgh's Primer on Spellweaving for 370 gold pieces
 39328 | Elf:1    | Learned a level 2 spell: Stoneskin
 39410 | Elf:1    | Reached skill level 1 in Transmutations
 39839 | Elf:1    | Found Pnirofom's Food Boutique.
 40517 | Elf:1    | Identified Asmodeus' Disquisition on Conjuration and Flames
 40884 | Elf:1    | Received a gift from Sif Muna
 40889 | Elf:1    | Identified Sif Muna's Handbook of Attacks and Fire (Sif Muna gifted it to you on level 1 of the Elven Halls)
 41957 | Lair:2   | Learned a level 6 spell: Iron Shot
 42794 | Elf:2    | Reached XP level 16. HP: 84/92 MP: 38/40
 43067 | Elf:2    | Found Maim's Antique Weapon Shoppe.
 43231 | Elf:2    | Found a runed gate.
 43231 | Elf:2    | Found a runed gate.
 43232 | Elf:2    | Found a runed gate.
 43900 | Elf:2    | Reached skill level 17 in Spellcasting
 44088 | Elf:2    | Noticed Nessos
 44101 | Elf:2    | Killed Nessos
 44101 | Elf:2    | Received a gift from Sif Muna
 44102 | Elf:2    | Identified Thushrogar's Catalogue of Aid (Sif Muna gifted it to you on level 2 of the Elven Halls)
 44238 | Elf:2    | Noticed Agnes
 44249 | Elf:2    | Killed Agnes
 45576 | Lair:2   | Learned a level 7 spell: Ring of Flames
 45680 | Shoals:1 | Entered Level 1 of the Shoals
 45754 | Shoals:2 | Noticed Louise
 45756 | Shoals:2 | Killed Louise
 46524 | Shoals:2 | Noticed Polyphemus
 47090 | Shoals:1 | Reached skill level 10 in Earth Magic
 47162 | Shoals:1 | Received a gift from Sif Muna
 47163 | Shoals:1 | Identified Sif Muna's Almanac of Quantum Good Luck (Sif Muna gifted it to you on level 1 of the Shoals)
 47249 | Shoals:2 | Killed Polyphemus
 47271 | Shoals:2 | Reached skill level 18 in Spellcasting
 47648 | Shoals:1 | Reached XP level 17. HP: 62/97 MP: 12/42
 49371 | Shoals:2 | Identified Mann's Disquisition on Harmful Flames (You acquired it on level 2 of the Shoals)
 49853 | Shoals:3 | Reached skill level 10 in Translocations
 50390 | Shoals:3 | Found Ghearr's Jewellery Shop.
 50845 | Shoals:3 | Received a gift from Sif Muna
 50847 | Shoals:3 | Identified Sif Muna's Tome of Enhancements and Lightness (Sif Muna gifted it to you on level 3 of the Shoals)
 51343 | Lair:2   | Learned a level 6 spell: Haste
 52196 | Shoals:5 | Entered Level 5 of the Shoals
 54958 | Shoals:5 | Reached skill level 19 in Spellcasting
 55473 | Shoals:5 | Received a gift from Sif Muna
 55710 | Shoals:5 | Noticed Ilsuiw
 55725 | Shoals:5 | Killed Ilsuiw
 55801 | Shoals:5 | Reached XP level 18. HP: 65/104 MP: 38/43
 55978 | Shoals:5 | Got a faintly glowing hand axe
 55979 | Shoals:5 | Identified the +8 hand axe "Zycanyc" {chop, rPois rN+ MP+9 Str-2} (You found it on level 5 of the Shoals)
 56448 | Shoals:5 | Got a barnacled rune of Zot
 58996 | D:12     | Noticed Josephine
 58997 | D:12     | Killed Josephine
 59130 | D:12     | Found Puho's Book Emporium.
 59148 | D:12     | Bought a book of Alchemy for 1125 gold pieces
 59351 | Lair:2   | Learned a level 5 spell: Ignite Poison
 59434 | Snake:1  | Entered Level 1 of the Snake Pit
 59437 | Snake:1  | Noticed Sonja
 59438 | Snake:1  | Killed Sonja
 59615 | Snake:1  | Identified Lehudib's Disquisition on Confrontation (You acquired it on level 1 of the Snake Pit)
 59767 | Snake:1  | Received a gift from Sif Muna
 60085 | Snake:2  | Noticed Wiglaf
 60090 | Snake:2  | Killed Wiglaf
 60281 | Snake:1  | Identified Sif Muna's Reference Book on the Compass (Sif Muna gifted it to you on level 1 of the Snake Pit)
 60299 | Snake:1  | Noticed Nikola
 60308 | Snake:1  | Killed Nikola
 60384 | Snake:1  | Noticed Aizul
 60392 | Snake:1  | Killed Aizul
 61561 | Snake:2  | Got a faintly glowing dagger
 61562 | Snake:2  | Identified the +6 dagger of Skiff {speed, -Tele +Rage +Inv rElec Dex+7} (You found it on level 2 of the Snake Pit)
 63191 | Snake:3  | Reached skill level 20 in Spellcasting
 63696 | Snake:3  | Noticed Roxanne
 63701 | Snake:3  | Killed Roxanne
 63804 | Snake:3  | Identified Roxanne's Handbook of Mutagenic Clay (You took it off Roxanne on level 3 of the Snake Pit)
 63912 | Snake:3  | Received a gift from Sif Muna
 64806 | Lair:2   | Learned a level 7 spell: Controlled Blink
 64986 | Snake:4  | Noticed Vashnia
 64995 | Snake:4  | Reached XP level 19. HP: 110/110 MP: 5/44
 65466 | Snake:4  | Killed Vashnia
 65841 | Snake:5  | Entered Level 5 of the Snake Pit
 65846 | Snake:4  | Noticed Kirke
 65848 | Snake:4  | Killed Kirke
 65849 | Snake:4  | Noticed Jorgrun
 65851 | Snake:4  | Killed Jorgrun
 66018 | Snake:4  | Found a basalt altar of Yredelemnul.
 67637 | Snake:5  | Received a gift from Sif Muna
 67638 | Snake:5  | Identified Sif Muna's Volume of Conjuration and the Mountains (Sif Muna gifted it to you on level 5 of the Snake Pit)
 68028 | Snake:5  | Found a burning altar of Makhleb.
 68904 | Snake:5  | Got a serpentine rune of Zot
 68922 | Snake:5  | Reached skill level 10 in Fighting
 69581 | Lair:2   | Learned a level 6 spell: Freezing Cloud
 70602 | D:13     | Reached skill level 1 in Ice Magic
 70674 | D:13     | Received a gift from Sif Muna
 70833 | D:14     | Noticed Rupert
 70834 | D:14     | Paralysed by Rupert for 5 turns
 70836 | D:14     | Noticed Nergalle
 70846 | D:14     | Killed Rupert
 70849 | D:14     | Killed Nergalle
 71172 | D:14     | Found a flagged portal.
 71177 | Bailey   | Entered a bailey
 71971 | D:15     | Entered Level 15 of the Dungeon
 72648 | D:15     | Found Veodeon's Gadget Shop.
 72694 | D:14     | Reached XP level 20. HP: 117/117 MP: 11/45
 72956 | D:14     | Found a gate to the Vaults.
 74066 | D:14     | Noticed Urug
 74068 | D:14     | Killed Urug
 74068 | D:14     | Reached skill level 21 in Spellcasting
 75525 | D:15     | Found a staircase to the Depths.
 76275 | Vaults:1 | Entered Level 1 of the Vaults
 76349 | Vaults:1 | Found Paocry's Antique Weapon Boutique.
 76434 | Vaults:1 | Received a gift from Sif Muna
 76435 | Vaults:1 | Identified Muprient's Tome of Dislocated Self-Knowledge (Sif Muna gifted it to you on level 1 of the Vaults)
 77132 | Lair:2   | Learned a level 8 spell: Lehudib's Crystal Spear
 77295 | Vaults:1 | Reached skill level 15 in Fire Magic
 77330 | Vaults:1 | Reached skill level 5 in Ice Magic
 77690 | Vaults:1 | Reached skill level 15 in Conjurations
 78101 | Vaults:1 | Reached skill level 15 in Earth Magic
 79186 | Vaults:1 | Received a gift from Sif Muna
 82264 | Vaults:2 | Got a faintly glowing hand axe
 82265 | Vaults:2 | Identified the +4 hand axe of Dust {drain, Noisy rF+ Int+4 Dex+2} (You found it on level 2 of the Vaults)
 82508 | Vaults:2 | Reached XP level 21. HP: 123/123 MP: 45/46
 84033 | Vaults:2 | Found Yplie's Antique Armour Boutique.
 84047 | Vaults:3 | Received a gift from Sif Muna
 84048 | Vaults:3 | Identified Sif Muna's Handbook of Conjuration (Sif Muna gifted it to you on level 3 of the Vaults)
 84115 | Vaults:2 | Bought a pair of heavily runed gloves for 323 gold pieces
 84125 | Vaults:2 | Identified the +1 pair of gloves of the Onion {rElec rN+ Dex-3 SInv Stlth+} (You bought it in a shop on level 2 of the Vaults)
 85250 | Vaults:2 | Reached skill level 22 in Spellcasting
 86951 | Vaults:3 | Noticed faibistes' ghost (mighty DEWz)
 87106 | Vaults:3 | Killed faibistes' ghost
 87106 | Vaults:3 | Received a gift from Sif Muna
 87107 | Vaults:3 | Identified Sif Muna's Collected Works on Boosts (Sif Muna gifted it to you on level 3 of the Vaults)
 88678 | Vaults:3 | Found a staircase to the Crypt.
 90547 | Vaults:4 | Reached XP level 22. HP: 104/130 MP: 33/47
 91409 | Vaults:4 | Received a gift from Sif Muna
 91413 | Vaults:4 | Identified Sif Muna's Incunabulum of Helpful Conjuration (Sif Muna gifted it to you on level 4 of the Vaults)
 91535 | Vaults:4 | Noticed Boris
 91539 | Vaults:4 | Killed Boris
 92044 | Vaults:4 | Got a shimmering flail
 92045 | Vaults:4 | Identified the +9 flail of Geffaunu {crush, rC+ Dex+6} (You took it off an ironbrand convoker on level 4 of the Vaults)
 93128 | Vaults:2 | Reached skill level 23 in Spellcasting
 93668 | Depths:1 | Entered Level 1 of the Depths
 93687 | Depths:1 | Received a gift from Sif Muna
 93688 | Depths:1 | Identified Sif Muna's Guide on Confrontation and Earth (Sif Muna gifted it to you on level 1 of the Depths)
 94978 | Depths:1 | Found a gateway to Hell.
 95285 | Depths:2 | Noticed Asterion
 95295 | Depths:2 | Killed Asterion
 96711 | Depths:2 | Found Ghacuiku's Magic Scroll Emporium.
 96719 | Depths:2 | Bought a scroll of holy word for 120 gold pieces
 97208 | D:12     | Bought a book of the Tempests for 1050 gold pieces
 97491 | D:14     | Got a distressingly furry shield
 97497 | D:14     | Identified the +8 shield "Kadiduge" {Dex+5 Slay+3} (You found it on level 14 of the Dungeon)
 97610 | Depths:2 | Received a gift from Sif Muna
 97611 | Depths:2 | Identified Sif Muna's Grimoire of Damaging Ice (Sif Muna gifted it to you on level 2 of the Depths)
 97730 | Depths:2 | Found Wejaifie's Antique Weapon Shoppe.
 98102 | Depths:2 | Reached XP level 23. HP: 136/136 MP: 41/48
 98273 | Depths:2 | Found a glowing golden altar of the Shining One.
 98275 | Depths:2 | Found Froa's Hallowed Reliquary.
 98413 | Depths:2 | Found a gateway to a ziggurat.
 99553 | Depths:2 | Noticed Jory
 99561 | Depths:2 | Killed Jory
100269 | Depths:2 | Identified a +2 rod of clouds (14/14) (You took it off a vampire knight on level 2 of the Depths)
100995 | Depths:3 | Received a gift from Sif Muna
100996 | Depths:3 | Identified Istail's Guide on Cloudy Conjuration (Sif Muna gifted it to you on level 3 of the Depths)
101378 | Depths:3 | Noticed a caustic shrike
101693 | Depths:3 | Killed a caustic shrike
102570 | Lair:2   | Learned a level 9 spell: Fire Storm
103086 | Shoals:3 | Bought the amulet "Psyecrau" {rCorr rF+ rC+} for 697 gold pieces
103433 | Depths:2 | Reached skill level 24 in Spellcasting
104281 | Depths:3 | Received a gift from Sif Muna
104283 | Depths:3 | Identified Sif Muna's Catalogue of Earthen Transformation (Sif Muna gifted it to you on level 3 of the Depths)
105780 | Depths:5 | Entered Level 5 of the Depths
105780 | Depths:5 | Noticed faibistes' ghost (great DEWz)
105786 | Depths:5 | Killed faibistes' ghost
106009 | Depths:4 | Reached XP level 24. HP: 142/142 MP: 49/49
106507 | Depths:4 | Gained mutation: You have an increased reservoir of magic (+10% MP). [potion of beneficial mutation]
106538 | Depths:4 | Noticed Boris
106542 | Depths:4 | Killed Boris
106542 | Depths:4 | Received a gift from Sif Muna
106543 | Depths:4 | Identified Sif Muna's Almanac of Malediction (Sif Muna gifted it to you on level 4 of the Depths)
107188 | Depths:4 | Noticed Margery
107199 | Depths:4 | Killed Margery
107972 | Depths:4 | Found a one-way gate to the infinite horrors of the Abyss.
108416 | Lair:2   | Learned a level 9 spell: Shatter
108421 | Lair:2   | Learned a level 4 spell: Animate Dead
108864 | Depths:5 | Reached skill level 1 in Necromancy
109953 | Depths:5 | Received a gift from Sif Muna
109955 | Depths:5 | Identified Joacwily's Collected Works on Necromancy and the Entourage (Sif Muna gifted it to you on level 5 of the Depths)
111060 | Depths:5 | Found a gate to the Realm of Zot.
112099 | Elf:3    | Entered Level 3 of the Elven Halls
112693 | Elf:3    | Reached skill level 25 in Spellcasting
112707 | Elf:3    | Reached skill level 5 in Necromancy
112814 | Elf:3    | Received a gift from Sif Muna
112815 | Elf:3    | Identified Sif Muna's Disquisition on Creation (Sif Muna gifted it to you on level 3 of the Elven Halls)
113193 | Elf:3    | Got a clouded ruby amulet
113557 | Elf:3    | Reached XP level 25. HP: 148/148 MP: 51/51
113721 | Elf:3    | Identified the amulet "Omakhanenk" {Stasis MR+ Str+4} (You took it off a deep elf master archer on level 3 of the Elven Halls)
114125 | Elf:3    | Got a jewelled dagger
114126 | Elf:3    | Identified the +8 dagger "Shrykk" {flame, rC+} (You took it off a deep elf demonologist on level 3 of the Elven Halls)
114141 | Elf:3    | Got a faintly glowing rapier
114142 | Elf:3    | Identified the +12 rapier of Demand {freeze, +Inv Str+6 Int-5 Dex+3 Stlth+} (You took it off a deep elf annihilator on level 3 of the Elven Halls)
114338 | Elf:3    | Got a scorched hand crossbow
114339 | Elf:3    | Identified the +0 hand crossbow of Eliownidgh {venom, rPois MP+9 Int-5} (You found it on level 3 of the Elven Halls)
115255 | Vaults:5 | Entered Level 5 of the Vaults
115257 | Vaults:5 | Received a gift from Sif Muna
115261 | Vaults:5 | Noticed an ancient lich
115263 | Vaults:5 | Killed an ancient lich
115552 | Vaults:5 | Noticed an ancient lich
115553 | Vaults:5 | Received a gift from Sif Muna
115556 | Vaults:5 | Identified Cigotuvi's Grimoire of Necromancy (Sif Muna gifted it to you on level 5 of the Vaults)
115556 | Vaults:5 | Identified Plezufem's Guide on Calling (Sif Muna gifted it to you on level 5 of the Vaults)
115724 | Vaults:5 | Killed an ancient lich
116748 | Vaults:5 | Received a gift from Sif Muna
117685 | Vaults:5 | Reached skill level 10 in Necromancy
117690 | Vaults:5 | Got a slimy wooden ring
117692 | Vaults:5 | Identified the ring of Okawaru's Condemnation {rC++ Dex+5} (You took it off a frost giant on level 5 of the Vaults)
117762 | Vaults:5 | Got a scintillating pewter ring
117764 | Vaults:5 | Identified the ring of Ghisig {rPois rC+} (You took it off a fire giant on level 5 of the Vaults)
117906 | Vaults:5 | Reached XP level 26. HP: 156/156 MP: 43/52
118958 | Vaults:5 | Got a silver rune of Zot
118982 | Vaults:5 | Got a translucent ivory amulet
118984 | Vaults:5 | Identified the amulet "Forget-Me-Not" {+Rage rC+ Dex+5} (You found it on level 5 of the Vaults)
119923 | Vaults:5 | Received a gift from Sif Muna
119923 | Vaults:5 | Reached skill level 26 in Spellcasting
119926 | Vaults:5 | Identified Sif Muna's Catalogue of the Escort (Sif Muna gifted it to you on level 5 of the Vaults)
120560 | Lair:2   | Learned a level 8 spell: Necromutation
120654 | Slime:1  | Entered Level 1 of the Pits of Slime
121169 | Slime:3  | Reached skill level 5 in Transmutations
121435 | Slime:6  | Entered Level 6 of the Pits of Slime
121472 | Slime:6  | Noticed the royal jelly
121476 | Slime:6  | Killed the royal jelly
121642 | Slime:6  | Noticed pedritolo's ghost (mighty SpEn)
121644 | Slime:6  | Killed pedritolo's ghost
121815 | Slime:6  | Gained mutation: You expend magic power (3 MP) to slightly strengthen your wands. [a shining eye]
121817 | Slime:6  | Received a gift from Sif Muna
121818 | Slime:6  | Identified Sif Muna's Incunabulum of Creation (Sif Muna gifted it to you on level 6 of the Pits of Slime)
122436 | Slime:6  | Got a slimy rune of Zot
122469 | Slime:6  | Got an iridescent scimitar
122470 | Slime:6  | Identified the +9 scimitar "Soemyadem" {antimagic, Dex+2} (You found it on level 6 of the Pits of Slime)
122598 | Slime:6  | Got a shadowed robe
122609 | Slime:6  | Identified the cursed -2 robe of Zepsear {rF+ Str-2 Int+2 Dex+2} (You found it on level 6 of the Pits of Slime)
122609 | Slime:6  | Lost strength.
122659 | Slime:6  | Identified the Incunabulum of Self-Improvement
122698 | Slime:6  | Got a twisted dire flail
122699 | Slime:6  | Identified the +6 dire flail "Ghiocustaigi" {crush, rPois rC+} (You found it on level 6 of the Pits of Slime)
123170 | Zot:1    | Entered Level 1 of the Realm of Zot
123170 | Zot:1    | Noticed an orb of fire
123176 | Zot:1    | Killed an orb of fire
124407 | Zot:1    | Received a gift from Sif Muna
124408 | Zot:1    | Identified Sif Muna's Incunabulum of Attacks (Sif Muna gifted it to you on level 1 of the Realm of Zot)
125083 | Zot:2    | Reached XP level 27. HP: 160/160 MP: 44/52
126088 | Zot:2    | Received a gift from Sif Muna
126089 | Zot:2    | Identified Sif Muna's Handbook of Destructive Poison (Sif Muna gifted it to you on level 2 of the Realm of Zot)
127037 | Zot:2    | Reached skill level 10 in Ice Magic
127675 | Zot:1    | Received a gift from Sif Muna
127676 | Zot:1    | Identified Sif Muna's Almanac of Enchantment (Sif Muna gifted it to you on level 1 of the Realm of Zot)
130705 | Zot:4    | Received a gift from Sif Muna
130707 | Zot:4    | Identified Sif Muna's Collected Works on Frigorific Confrontation (Sif Muna gifted it to you on level 4 of the Realm of Zot)
130725 | Zot:4    | Learned a level 9 spell: Glaciate
131115 | Zot:4    | Reached skill level 27 in Spellcasting
131697 | Zot:5    | Entered Level 5 of the Realm of Zot
131767 | Zot:4    | Noticed an orb of fire
132126 | Zot:4    | Gained mutation: You have supernaturally acute eyesight. [an orb of fire]
132447 | Zot:4    | Killed an orb of fire
132940 | Zot:4    | Reached skill level 10 in Transmutations
133107 | Zot:4    | Received a gift from Sif Muna
133108 | Zot:4    | Identified Sif Muna's Handbook of Hurtful Malediction (Sif Muna gifted it to you on level 4 of the Realm of Zot)
134022 | Zot:5    | Noticed an orb of fire
134026 | Zot:5    | Killed an orb of fire
134244 | Zot:5    | Noticed an ancient lich
134248 | Zot:5    | Killed an ancient lich
134490 | Zot:5    | Noticed an orb of fire
134497 | Zot:5    | Noticed an orb of fire
134500 | Zot:5    | Killed an orb of fire
134500 | Zot:5    | Received a gift from Sif Muna
134501 | Zot:5    | Noticed an ancient lich
134506 | Zot:5    | Killed an orb of fire
134522 | Zot:5    | Killed from afar by a Hell Sentinel

Action                   |  1- 3 |  4- 6 |  7- 9 | 10-12 | 13-15 | 16-18 | 19-21 | 22-24 | 25-27 || total
-------------------------+-------+-------+-------+-------+-------+-------+-------+-------+-------++-------
Melee: Dagger            |       |    11 |    35 |    21 |       |       |       |       |       ||    67
       Falchion          |       |       |       |    92 |    10 |       |       |       |       ||   102
       Staff             |       |       |       |       |    29 |       |       |       |       ||    29
       Hand axe          |       |       |       |       |       |       |    13 |     9 |    16 ||    38
 Cast: Magic Dart        |    88 |   152 |   200 |   236 |   113 |    26 |       |       |       ||   815
       Mephitic Cloud    |     1 |     7 |    13 |    29 |     4 |       |       |       |       ||    54
       Conjure Flame     |       |     9 |    28 |    75 |    27 |       |       |       |       ||   139
       Blink             |       |     2 |     1 |    13 |    11 |    11 |       |       |       ||    38
       Repel Missiles    |       |     2 |     2 |     2 |     2 |       |       |       |       ||     8
       Call Imp          |       |     3 |       |       |       |       |       |       |       ||     3
       Iskenderun's Myst |       |       |    47 |    74 |    16 |       |       |       |       ||   137
       Dazzling Spray    |       |       |    65 |   131 |    49 |       |       |       |       ||   245
       Iskenderun's Batt |       |       |     6 |    51 |    43 |    19 |       |       |       ||   119
       Fulminant Prism   |       |       |       |    28 |       |       |       |       |       ||    28
       Shroud of Golubri |       |       |       |    10 |     3 |       |       |       |       ||    13
       Fireball          |       |       |       |       |   313 |   114 |   184 |    84 |       ||   695
       Airstrike         |       |       |       |       |    63 |    18 |       |       |       ||    81
       Lee's Rapid Decon |       |       |       |       |    85 |    62 |   224 |   151 |       ||   522
       Force Lance       |       |       |       |       |    61 |    84 |    29 |    33 |    25 ||   232
       Bolt of Fire      |       |       |       |       |   107 |   372 |   438 |   324 |   262 ||  1503
       Summon Forest     |       |       |       |       |     4 |       |       |       |       ||     4
       Deflect Missiles  |       |       |       |       |     2 |    10 |     8 |     2 |     3 ||    25
       Ring of Flames    |       |       |       |       |       |    46 |    59 |    38 |    42 ||   185
       Haste             |       |       |       |       |       |    11 |    23 |    16 |    23 ||    73
       Ignite Poison     |       |       |       |       |       |    57 |    83 |       |       ||   140
       Iron Shot         |       |       |       |       |       |    15 |    10 |       |       ||    25
       Controlled Blink  |       |       |       |       |       |       |    10 |     8 |     5 ||    23
       Freezing Cloud    |       |       |       |       |       |       |     9 |    23 |     2 ||    34
       Lehudib's Crystal |       |       |       |       |       |       |    20 |    77 |   102 ||   199
       Fire Storm        |       |       |       |       |       |       |       |    63 |   152 ||   215
       Shatter           |       |       |       |       |       |       |       |     8 |    63 ||    71
       Animate Dead      |       |       |       |       |       |       |       |     2 |     3 ||     5
       Glaciate          |       |       |       |       |       |       |       |       |    13 ||    13
       Necromutation     |       |       |       |       |       |       |       |       |    11 ||    11
Invok: Channel Energy    |       |       |    18 |    29 |   125 |   303 |   445 |   350 |   475 ||  1745
       Forget Spell      |       |       |       |       |     3 |     1 |     1 |     2 |     2 ||     9
Evoke: Wand              |       |       |       |       |       |     2 |       |       |       ||     2
  Use: Scroll            |     4 |     3 |    17 |     4 |    26 |    10 |    10 |     5 |    10 ||    89
       Potion            |       |     2 |     3 |     4 |       |       |     6 |     5 |     5 ||    25
 Stab: Invisible         |       |       |     5 |     9 |     2 |       |       |       |     1 ||    17
       Confused          |       |       |     2 |       |       |       |       |       |       ||     2
       Sleeping          |       |       |       |       |     1 |       |       |       |       ||     1
  Eat: Chunk             |     3 |     9 |    20 |    38 |    90 |   102 |   149 |   122 |    81 ||   614
       Fruit             |       |       |     3 |     5 |       |     3 |     2 |     2 |     7 ||    22
       Pizza             |       |       |       |       |     4 |     1 |       |       |     3 ||     8
       Bread ration      |       |       |       |       |       |     1 |       |       |     8 ||     9
       Beef jerky        |       |       |       |       |       |     3 |       |       |     1 ||     4
       Meat ration       |       |       |       |       |       |     1 |       |       |       ||     1
       Royal jelly       |       |       |       |       |       |       |       |     2 |       ||     2
